[Event "Late-Titled-Tuesday-Blitz-June-25-2024"]
[Site "Chess.com"]
[Date "2024.06.25"]
[Round "7"]
[White "Bilan_Danila"]
[Black "Tigranpatagonian"]
[Result "1-0"]
[WhiteElo "2623"]
[BlackElo "2454"]
[TimeControl "180+1"]
[EndTime "15:16:18 PDT"]
[Termination "Bilan_Danila won on time"]

1. d4 Nf6 2. Nf3 g6 3. Bg5 Bg7 4. c3 O-O 5. Nbd2 d6 6. e4 Nc6 7.
Bc4 e5 8. O-O h6 9. Bh4 Na5 10.
Bd3 Qe8 11. Re1 Nh5 12. dxe5 dxe5 13. Nc4 Nxc4 14. Bxc4 Be6 15. Qb3 Nf4 16. Rad1 Rb8 17. Rd2 b5 18. Bxe6 Qxe6 19. Red1 Qg4 20. Bg3 Nh3+ 21.
Kh1 Qxe4 22. Qd5 Qxd5 23. Rxd5 Nf4 24. Rd7 Ne6 25. Nxe5 Rbd8 26. Nc6 Rxd7 27. Rxd7 Re8 28. h4 f5 29. Be5 Bxe5 30. Nxe5 Nc5 31. Rd5 Ne4 32.
f3 Nf6 33. Rxb5 1-0

[Event "Late-Titled-Tuesday-Blitz-June-25-2024"]
[Site "Chess.com"]
[Date "2024.06.25"]
[Round "7"]
[White "Denmark2015"]
[Black "WindWhistler11"]
[Result "1-0"]
[WhiteElo "2619"]
[BlackElo "2449"]
[TimeControl "180+1"]
[EndTime "15:16:19 PDT"]
[Termination "Denmark2015 won on time"]

1. d4 Nf6 2. c4 e6 3. Nc3 c5 4. d5 exd5 5. cxd5 Bd6 6. Nf3 O-O 7.
g3 Re8 8. Bg2 Bc7 9. O-O d6 10.
Nd2 a6 11. a4 Nbd7 12. h3 Rb8 13. Rb1 b5 14. axb5 axb5 15. e4 c4 16. b4 Ne5 17.
Nf3 Nd3 18. Nd4 Bd7 19. Be3 Ra8 20. Ndxb5 Bxb5 21. Nxb5 Nxe4 22. Qg4 h5 23. Qf3 Bb6 24. Nd4 Bxd4 25. Bxd4 Nd2 26. Qxh5 Nxf1 27. Rxf1 Qe7 28. b5 Ra3 29. b6 c3 30. Qg4 f6 31. Qd1 Ne1 32. Qc1 Rb3 33. Qd1 Rb2 34. Bxc3 Nxg2 35. Bxb2 1-0

[Event "Late-Titled-Tuesday-Blitz-June-25-2024"]
[Site "Chess.com"]
[Date "2024.06.25"]
[Round "7"]
[White "mouseslips_are_the_best"]
[Black "theoneandonlydaaevik"]
[Result "0-1"]
[WhiteElo "2375"]
[BlackElo "2600"]
[TimeControl "180+1"]
[EndTime "15:16:21 PDT"]
[Termination "theoneandonlydaaevik won by resignation"]

1. e4 c6 2. d4 d5 3. e5 Bf5 4. h4 h5 5. Bd3 Bxd3 6. Qxd3 Qa5+ 7. Nd2 e6 8. Nf3 Nh6 9. O-O Nf5 10. Nb3 Qa6 11. Qd1 b6 12. Bg5 c5 13. dxc5 Bxc5 14.
c3 Nc6 15. Re1 Rc8 16. Nbd2 Be7 17. b3 Bxg5 18. Nxg5 g6 19. g3 O-O 20. c4 Rcd8 21. g4 hxg4 22. Qxg4 dxc4 23. Nde4 Nxe5 24. Nf6+ Kg7 25.
Rxe5 Kxf6 26. Rae1 b5 27. h5 Rd4 28. Rxf5+ exf5 29. Qxd4+ Kxg5 30. Qg7 Qd6 31. f4+ Kg4 32. Qh6 Qxf4 33.
Qxf8 Qg3+ 34. Kf1 Qf3+ 35. Kg1 Kh3 36. Qa8 Qxa8 37. Re3+ Kg4 38. h6 Qh8 39. Re7 Kg3 40. Re3+ Kf4 41. Rh3 Kg4 42. Kg2 Qb2+ 43. Kf1 Kxh3 44.
h7 Kg3 45. Ke1 Kf3 0-1

[Event "Late-Titled-Tuesday-Blitz-June-25-2024"]
[Site "Chess.com"]
[Date "2024.06.25"]
[Round "7"]
[White "Veleamater"]
[Black "Andrey-Ivanov2011"]
[Result "1-0"]
[WhiteElo "2402"]
[BlackElo "2128"]
[TimeControl "180+1"]
[EndTime "15:16:22 PDT"]
[Termination "Veleamater won by resignation"]

1. g3 d5 2. Bg2 e5 3. d3 Nc6 4. Nf3 Nf6 5. O-O Be7 6. h3 O-O 7. Nc3 h6 8. e4 Be6 9. Nd2 Qd7 10.
Kh2 Rad8 11. f3 Rfe8 12. f4 exf4 13. gxf4 dxe4 14. dxe4 Bb4 15. f5 Qd6+ 16. Kh1 Bc8 17. Nd5 Bxd2 18. Qxd2 Nxe4 19. Bxe4 Rxe4 20. Nc3 Rd4 21. Qg2 Kf8 22. f6 gxf6 23. Bxh6+ Ke8 24. Nb5 Qd5 25. Rae1+ Kd7 26. Nxd4 Qxg2+ 27. Kxg2 Nxd4 28.
Rxf6 c5 29. Rxf7+ Kc6 30. c3 Rg8+ 31. Kf2 Nc2 32. Rf6+ Kb5 33. Rh1 a5 34. h4 Rh8 35.
h5 Bg4 36. Rh4 Bd1 37. Rd6 Na1 38. Rxd1 Rxh6 39. Rd2 a4 40. Rh1 Kc4 41. Rxa1 Rxh5 42. Rg1 Rf5+ 43. Ke3 Re5+ 44. Kf4 Re8 45. Rg4 Kb5 46.
Kf5 Rf8+ 47. Ke6 Re8+ 48. Kd7 Re3 49. Kc7 a3 50. c4+ Kb4 51. bxa3+ Rxa3 52. Kxb7 Ra5 53.
Kb6 Ra3 54. Rb2+ Kc3 55. Rb3+ Rxb3+ 56. axb3 Kxb3 57. Kxc5 1-0

[Event "Late-Titled-Tuesday-Blitz-June-25-2024"]
[Site "Chess.com"]
[Date "2024.06.25"]
[Round "7"]
[White "XDPS"]
[Black "wonderfultime"]
[Result "0-1"]
[WhiteElo "2828"]
[BlackElo "3051"]
[TimeControl "180+1"]
[EndTime "15:16:24 PDT"]
[Termination "wonderfultime won by resignation"]

1. e4 e5 2. Nf3 Nc6 3. Bc4 Bc5 4. O-O d6 5. d3 Nf6 6. c3 a6 7. a4 Ba7 8. Re1 O-O 9. h3 h6 10. Nbd2 Nh5 11. Nf1 Qf6 12. Be3 Bxe3 13. Rxe3 Be6 14. N3d2 Nf4 15. Kh2 Rad8 16. Bxe6 Qxe6 17. Qb3 d5 18.
Qc2 f5 19. Rae1 fxe4 20. dxe4 d4 21. Rf3 Kh8 22. Ng3 dxc3 23. bxc3 Ne7 24. Ndf1 Rd7 25. Rb1 b6 26. Ne3 Rfd8 27. Ngf1 Rd3 28. Rg3 Qc6 29. Ng4 Qxe4 30. Rb4 Qe1 31. Nge3 Rxc3 32. Qa2 Rxe3 33. Nxe3 Qxb4 34. Qf7 Rg8 35. Ng4 Qd6 36. Qc4 Nf5 37.
Rf3 Nd4 38. Re3 Ng6 39. Qxa6 h5 0-1

[Event "Late-Titled-Tuesday-Blitz-June-25-2024"]
[Site "Chess.com"]
[Date "2024.06.25"]
[Round "7"]
[White "Yaacovn"]
[Black "ninjatrick"]
[Result "0-1"]
[WhiteElo "2681"]
[BlackElo "2524"]
[TimeControl "180+1"]
[EndTime "15:16:26 PDT"]
[Termination "ninjatrick won on time"]

1. d4 d5 2. Nf3 Nf6 3. Bf4 c5 4.
c3 Nc6 5. e3 e6 6. Nbd2 Bd6 7.
Bg3 O-O 8. Bb5 Ne7 9. Qe2 Ne4 10. Nxe4 dxe4 11. Ng5 f5 12. Qh5 h6 13. Bxd6 Qxd6 14.
dxc5 Qxc5 15. Ba4 hxg5 16. Qxg5 Nc6 17. h4 Qe7 18. Qg3 Qf6 19. O-O-O Ne5 20. Bb5 a6 21. Be2 b5 22. h5 Bb7 23. h6 g6 24. Rd6 f4 25. exf4 Qxf4+ 26. Qxf4 Rxf4 27. Rxe6 Rxf2 28. Bd1 Nd3+ 29. Kb1 Rxb2+ 30. Ka1 Bd5 31. Rxg6+ Kh8 32. Rd6 Rxa2+ 33. Kb1 Rb2+ 34. Ka1 Bb3 35. Rxd3 Ra2+ 36. Kb1 exd3 37. Bxb3 Re2 38. Bd5 Rae8 39. Kc1 Rc2+ 40. Kd1 Ree2 41. Bf3 Red2+ 42. Ke1 Rf2 43. Rh4 d2+ 44. Kxf2 d1=Q+ 45. Kg3 Qe1+ 46. Kg4 Rxc3 0-1

[Event "Late-Titled-Tuesday-Blitz-June-25-2024"]
[Site "Chess.com"]
[Date "2024.06.25"]
[Round "7"]
[White "Romadk"]
[Black "chess_sharparchitect"]
[Result "1-0"]
[WhiteElo "2477"]
[BlackElo "2341"]
[TimeControl "180+1"]
[EndTime "15:16:26 PDT"]
[Termination "Romadk won on time"]

1. d4 Nf6 2. Nf3 d5 3. g3 c5 4.
Bg2 Nc6 5. O-O e6 6. c4 dxc4 7.
Ne5 Nxe5 8. dxe5 Nd7 9. f4 Be7 10. Na3 O-O 11. Nxc4 Nb6 12. Na5 Nd5 13. Bd2 Rb8 14.
a3 Bd7 15. Qc2 b6 16. Nc4 b5 17. Ne3 Bc6 18. Rfd1 Qb6 19. Kh1 c4 20. Nxd5 exd5 21.
Bc3 Bc5 22. Bxd5 Rbd8 23. Bf3 Qb7 24. Kg2 h6 25. Qf5 Bd7 26. Qe4 Qc7 27. Rd2 Be6 28.
f5 Bc8 29. Rad1 Rxd2 30. Rxd2 Re8 31. g4 a5 32. Qc6 Qb8 33. Qxe8+ 1-0

[Event "Late-Titled-Tuesday-Blitz-June-25-2024"]
[Site "Chess.com"]
[Date "2024.06.25"]
[Round "7"]
[White "Patricius007"]
[Black "grzechu96"]
[Result "0-1"]
[WhiteElo "2584"]
[BlackElo "2779"]
[TimeControl "180+1"]
[EndTime "15:16:28 PDT"]
[Termination "grzechu96 won by resignation"]

1. e4 c5 2. c3 Nf6 3. e5 Nd5 4. Nf3 d6 5. Bb5+ Bd7 6. Bc4 Bc6 7. O-O e6 8. d4 cxd4 9. exd6 dxc3 10. bxc3 Bxd6 11.
Nd4 O-O 12. Nxc6 Nxc6 13. Bb3 Be5 14. Qf3 Qc7 15. g3 Rad8 16. Ba3 Rfe8 17. Rd1 Bf6 18. Bb2 Ne5 19. Qe2 Nb6 20. Nd2 Nd3 21. Ne4 Nxb2 22. Nxf6+ gxf6 23. Qxb2 Rxd1+ 24. Rxd1 Rd8 25. Rxd8+ Qxd8 26. Qe2 f5 27. Qe5 Nd7 28. Qd4 a6 29. h4 Qe7 30. Bd1 h6 31. Bf3 Nc5 32. Kg2 b6 33.
Qb4 Qd6 34. a4 a5 35. Qb5 Kg7 36. Qc4 Qd7 37. Qd4+ Qxd4 38. cxd4 Nxa4 39. d5 exd5 40. Bxd5 Nc3 41. Bb3 a4 42. Bc4 b5 0-1

[Event "Late-Titled-Tuesday-Blitz-June-25-2024"]
[Site "Chess.com"]
[Date "2024.06.25"]
[Round "7"]
[White "GMsKoRPioN"]
[Black "jinxy2009"]
[Result "1-0"]
[WhiteElo "2596"]
[BlackElo "2253"]
[TimeControl "180+1"]
[EndTime "15:16:28 PDT"]
[Termination "GMsKoRPioN won by resignation"]

1. d4 d5 2. c4 c6 3. Nf3 Nf6 4. Nc3 e6 5. Bg5 h6 6. Bh4 dxc4 7. e4 g5 8. Bg3 b5 9. Be2 Bb7 10. h4 g4 11. Ne5 h5 12. O-O Nbd7 13. f3 Qb6 14. Nxf7 Kxf7 15. fxg4 hxg4 16. e5 Bh6 17. exf6 Be3+ 18. Bf2 Bxf2+ 19. Rxf2 Rxh4 20. Bxg4 Rah8 21. Bh3 Qxd4 22. Qxd4 Rxd4 23. Re1 Nc5 24. Re3 Bc8 25. Rfe2 b4 26. Ne4 Nxe4 27. Rxe4 Rxe4 28. Rxe4 c3 29. bxc3 bxc3 30. Rc4 Kxf6 31. Rxc6 Bd7 32. Rxc3 Rb8 33.
Rc7 Ke7 34. Rxa7 Rb1+ 35. Kh2 Ra1 36. Bg4 Kd6 37. Bf3 Bb5 38. g4 Ke5 39. Ra5 Kf6 40. Rxb5 Rxa2+ 41. Kg3 Ra4 42. Rb6 Ke5 43. Rb8 Kf6 44.
Rf8+ Kg6 45. Kh4 e5 46. Re8 Kf6 47. Rf8+ Kg7 48. Rf5 e4 49. Be2 Ra2 50. Bc4 Rh2+ 51. Kg3 Rc2 52. Bd5 Rc3+ 53. Kf4 e3 54. Re5 e2 55.
Rxe2 Ra3 56. Re7+ Kg6 57. Re6+ Kg7 58. Rd6 Ra4+ 59. Kf5 Ra1 60. Rd7+ Kf8 61. Rf7+ Ke8 62. g5 Rf1+ 63. Kg6 Rxf7 64. Bxf7+ Kf8 65. Bb3 Ke7 66. Kh7 1-0

[Event "Late-Titled-Tuesday-Blitz-June-25-2024"]
[Site "Chess.com"]
[Date "2024.06.25"]
[Round "7"]
[White "Kaustubh_Kodihalli"]
[Black "Jagerrmeisterr"]
[Result "0-1"]
[WhiteElo "2463"]
[BlackElo "2671"]
[TimeControl "180+1"]
[EndTime "15:16:32 PDT"]
[Termination "Jagerrmeisterr won by checkmate"]

1. e4 c6 2. d4 d5 3. e5 c5 4.
dxc5 Nc6 5. Nf3 Bg4 6. c3 a6 7.
b4 Bxf3 8. Qxf3 Nxe5 9. Qg3 Nc6 10. Be2 Nf6 11. O-O e6 12. Rd1 Ne4 13. Qe3 Qh4 14.
g3 Qh3 15. Bf3 Ne5 16. Bg2 Qh5 17. f3 Nc4 18. Qe2 Nf6 19. Re1 Be7 20. Nd2 b5 21. Nxc4 bxc4 22. Be3 O-O 23. Bd4 Qg6 24. f4 Rfe8 25. Rab1 h5 26. Bf3 h4 27. g4 Nd7 28.
Kh1 Bf6 29. c6 Nb8 30. f5 Qh6 31. Bxd5 Bxd4 32. cxd4 Ra7 33. fxe6 fxe6 34. Bxe6+ Kh8 35. d5 Rae7 36. Qxc4 h3 37. Qd4 Nxc6 38. dxc6 Rxe6 39. Rxe6 Qxe6 40. Rc1 Qe2 41. Qd5 Qe1+ 42. Rxe1 Rxe1# 0-1

[Event "Late-Titled-Tuesday-Blitz-June-25-2024"]
[Site "Chess.com"]
[Date "2024.06.25"]
[Round "7"]
[White "AthanasiusLefebvre"]
[Black "drdaro"]
[Result "0-1"]
[WhiteElo "2075"]
[BlackElo "2314"]
[TimeControl "180+1"]
[EndTime "15:16:32 PDT"]
[Termination "drdaro won on time"]

1. d3 g6 2. g3 Bg7 3. Nf3 d6 4. Bg2 e5 5. O-O f5 6. c4 Nf6 7. Nc3 O-O 8. Rb1 a5 9. a3 c6 10. b4 axb4 11. axb4 Be6 12. b5 h6 13. bxc6 bxc6 14.
Be3 e4 15. dxe4 fxe4 16. Nh4 Bxc4 17. Nxg6 Re8 18. Bb6 Qd7 19. Qc2 d5 20. Rfd1 Qf7 21.
Nf4 Nbd7 22. Bd4 c5 23. Bxf6 Nxf6 24. Nb5 Ra2 25. Rb2 Rxb2 26. Qxb2 Rb8 27. Bh3 Rxb5 28. Qxb5 Bxb5 29. Be6 Qxe6 30. Nxe6 Bxe2 31. Rd2 Bc4 32.
Nxc5 Ng4 33. Ne6 Bc3 34. Rc2 Be1 35. Nd4 Kf7 36. h3 Ne5 37. Kg2 Kf6 38. Rb2 Bc3 39.
Rb6+ Kf7 40. Nf5 Kf8 41. Nxh6 d4 42. Rb8+ Ke7 43. Nf5+ Kd7 44. g4 d3 45. Rb1 d2 46.
Ne3 Be2 47. Rb7+ Kc6 48. Re7 Bd4 0-1

[Event "Late-Titled-Tuesday-Blitz-June-25-2024"]
[Site "Chess.com"]
[Date "2024.06.25"]
[Round "7"]
[White "Gyulamiryan-koryun"]
[Black "NigiriSushies"]
[Result "1-0"]
[WhiteElo "1827"]
[BlackElo "2280"]
[TimeControl "180+1"]
[EndTime "15:16:33 PDT"]
[Termination "Gyulamiryan-koryun won on time"]

1. e4 b6 2. d4 Bb7 3. Nc3 e6 4. f4 Bb4 5. Bd3 Nf6 6. Qe2 d5 7. e5 Ne4 8. Bd2 Nxd2 9. Qxd2 c5 10. Bb5+ Nc6 11. a3 cxd4 12. Bxc6+ Bxc6 13. axb4 dxc3 14. bxc3 O-O 15. Nf3 Bb5 16. Kf2 Qc7 17. Nd4 Bc4 18. Ra3 h6 19. Rha1 Rfb8 20. g4 a5 21. h4 Qd8 22. g5 hxg5 23. hxg5 axb4 24. Rxa8 Rxa8 25. Rh1 bxc3 26. Qxc3 Qe7 27. Qh3 f5 28. Qh7+ Kf7 29.
g6+ Ke8 30. Qh8+ Kd7 31. Qxa8 Qc5 32. Qa7+ Qc7 33. Qxc7+ Kxc7 34. Rh7 b5 35. Rxg7+ Kb6 36. Re7 Kc5 37. c3 b4 38. Rc7+ Kb6 39. Rxc4 dxc4 40.
cxb4 c3 41. g7 c2 42. g8=Q c1=Q 43. Qxe6+ Kb7 44. Qd7+ Kb6 45. Qb5+ Ka7 46. Qc5+ 1-0

[Event "Late-Titled-Tuesday-Blitz-June-25-2024"]
[Site "Chess.com"]
[Date "2024.06.25"]
[Round "7"]
[White "guillembaches"]
[Black "nitpicker"]
[Result "1-0"]
[WhiteElo "2541"]
[BlackElo "2343"]
[TimeControl "180+1"]
[EndTime "15:16:34 PDT"]
[Termination "guillembaches won on time"]

1. e4 c5 2. Nf3 Nc6 3. Bc4 d6 4. O-O Nf6 5. Re1 e6 6. c3 d5 7. exd5 Nxd5 8. d4 cxd4 9. Nxd4 Nb6 10. Bb3 Bd7 11. Nf5 Qb8 12. Qf3 Na5 13. Bf4 Qd8 14. Nd6+ Bxd6 15. Bxd6 Nxb3 16. axb3 Bc6 17. Qg3 Qf6 18. Nd2 Qg6 19. Nc4 Nxc4 20. bxc4 a6 21. b4 Rd8 22. Rad1 Qxg3 23. hxg3 Bd7 24. f3 f6 25. Kf2 Kf7 26. Bc7 Ke7 27. Bxd8+ Rxd8 28. c5 Rc8 29. Rd6 Bc6 30. Rexe6+ Kf7 31. Re2 Bb5 32.
Red2 Rc7 33. R6d4 Re7 34. c4 Bc6 35. Re2 Rc7 36. g4 Be8 37. Rd6 a5 38. bxa5 Rxc5 39.
a6 bxa6 40. Rxa6 Rxc4 41. Ra7+ Kg6 42. Rxe8 1-0

[Event "Late-Titled-Tuesday-Blitz-June-25-2024"]
[Site "Chess.com"]
[Date "2024.06.25"]
[Round "7"]
[White "th3d4rkness"]
[Black "vanyakuba"]
[Result "0-1"]
[WhiteElo "2261"]
[BlackElo "2451"]
[TimeControl "180+1"]
[EndTime "15:16:34 PDT"]
[Termination "vanyakuba won by resignation"]

1. e4 d5 2. exd5 Qxd5 3. Nc3 Qa5 4. Bc4 Nf6 5. Nf3 Bg4 6. h3 Bh5 7. g4 Bg6 8. Qe2 e6 9. Ne5 Nbd7 10. Nxg6 hxg6 11. d3 O-O-O 12. Bd2 Nb6 13. Bb3 Qc5 14. O-O-O Qc6 15. Kb1 a5 16. a3 a4 17. Ba2 Bc5 18.
Be3 Bd4 19. Ne4 Nxe4 20. Bxd4 Rxd4 21. dxe4 Qxe4 22. Qxe4 Rxe4 23. Rd3 Rf4 24. f3 Rd8 25. Rhd1 Rxd3 26. Rxd3 g5 27. Kc1 Nd7 28. Re3 Kd8 29. Kd2 Ke7 30. Ke2 Kd6 31. Rc3 c6 32. Rd3+ Ke7 33.
Ke3 Nc5 34. Rc3 Kd6 35. b4 axb3 36. cxb3 Nd7 37. Rd3+ Ke7 38. b4 Ne5 39. Rd2 Rxf3+ 40.
Ke4 f6 41. Bb1 Rxa3 42. Rb2 Rxh3 43. b5 c5 44. b6 Rh4 45. Ke3 Rxg4 46. Be4 Nc4+ 0-1

[Event "Late-Titled-Tuesday-Blitz-June-25-2024"]
[Site "Chess.com"]
[Date "2024.06.25"]
[Round "7"]
[White "KaydenTroffChess"]
[Black "HalfIsCrayfish"]
[Result "1-0"]
[WhiteElo "2811"]
[BlackElo "2568"]
[TimeControl "180+1"]
[EndTime "15:16:35 PDT"]
[Termination "KaydenTroffChess won by resignation"]

1. d4 Nf6 2. Nf3 b6 3. Bf4 Bb7 4. Nbd2 g6 5. h4 h6 6. e3 Bg7 7. Bd3 d6 8. c3 Nfd7 9. Be4 c6 10. Bg3 e5 11. Nc4 Nf6 12. Bc2 b5 13. dxe5 bxc4 14. exf6 Bxf6 15. Bxd6 Nd7 16. Qe2 Qb6 17. Qxc4 c5 18. Be4 Qxd6 19. Bxb7 Rb8 20. Rd1 Qc7 21. Be4 Rxb2 22. O-O Ne5 23. Nxe5 Qxe5 24. Rd5 Qxc3 25.
Qxc3 Bxc3 26. Rxc5 Bf6 27. Rc8+ Bd8 28. Rd1 Ke7 29. Bc6 Rc2 30. g3 Rf8 31. Rd7+ Kf6 32. Rxa7 Be7 33. Rxf8 Bxf8 34. Bd5 Be7 35. g4 g5 36. hxg5+ hxg5 37. a4 Rd2 38. Bc4 Rc2 39. Bd5 Rd2 40. e4 Bc5 41. Rxf7+ Kg6 42. Kg2 Bd4 43.
Rf5 Rb2 44. a5 Rb5 45. Bf7+ Kg7 46. Rxb5 1-0

[Event "Late-Titled-Tuesday-Blitz-June-25-2024"]
[Site "Chess.com"]
[Date "2024.06.25"]
[Round "7"]
[White "zsizsi99"]
[Black "Flopezin"]
[Result "0-1"]
[WhiteElo "2549"]
[BlackElo "2429"]
[TimeControl "180+1"]
[EndTime "15:16:35 PDT"]
[Termination "Flopezin won by resignation"]

1. e4 e5 2. Nf3 Nc6 3. Bb5 a6 4.
Ba4 Nf6 5. O-O Bc5 6. c3 b5 7.
Bc2 d6 8. d4 Ba7 9. a4 Bb7 10.
h3 h6 11. Na3 Bb6 12. Be3 O-O 13. axb5 axb5 14. Nxb5 Rxa1 15. Qxa1 exd4 16. Nfxd4 Nxd4 17. Bxd4 Bxd4 18. Nxd4 Bxe4 19. Bxe4 Nxe4 20. Re1 Re8 21. Qa4 Nf6 22. Rxe8+ Qxe8 23. Qxe8+ Nxe8 24. f4 g6 25. Kf2 Kf8 26. b4 Ke7 27. Kf3 d5 28. g4 Kd6 29.
h4 Nf6 30. h5 gxh5 31. Nf5+ Ke6 32. Ng7+ Kd6 33. gxh5 Kc6 34. Nf5 Nxh5 35. Nxh6 Kb5 36. Nxf7 Kc4 37. Kg4 Nf6+ 38. Kf5 Ne4 39. Ke5 Nxc3 40. f5 d4 41. f6 d3 42. Ng5 d2 43.
f7 d1=Q 44. f8=Q Qd4+ 45. Ke6 Qd5+ 46. Kf6 Qd6+ 47. Ne6 Ne4+ 48. Kf5 Qd5+ 49. Kf4 Qxe6 50.
Qc8 Qxc8 51. Kxe4 0-1

[Event "Late-Titled-Tuesday-Blitz-June-25-2024"]
[Site "Chess.com"]
[Date "2024.06.25"]
[Round "7"]
[White "LidongW"]
[Black "ErikRonka"]
[Result "0-1"]
[WhiteElo "2339"]
[BlackElo "2492"]
[TimeControl "180+1"]
[EndTime "15:16:35 PDT"]
[Termination "ErikRonka won on time"]

1. e4 g6 2. d4 Bg7 3. Nc3 c6 4. f4 d5 5. e5 Nh6 6. Nf3 f6 7. Bd3 O-O 8. Bd2 Bg4 9. O-O fxe5 10. fxe5 Nf5 11. Ne2 c5 12. dxc5 Bxf3 13. Rxf3 Bxe5 14. Qf1 e6 15. Re1 Nc6 16. c3 a5 17. Nf4 Qd7 18.
g3 Rae8 19. Bb5 Bxf4 20. Bxf4 d4 21. Rd3 Qd5 22. cxd4 Nfxd4 23. Bxc6 bxc6 24. Qf2 e5 25. Red1 Qxc5 26. Qe3 Qb5 27. Bh6 Nf5 28. Qd2 Rf7 29. Rd7 Qc5+ 30. Kh1 Rfe7 31. Rxe7 Qxe7 32. Bg5 Qe6 33.
Qxa5 e4 34. Qa7 e3 35. Re1 Qe4+ 36. Kg1 Nd4 37. Rxe3 Qb1+ 38. Kg2 Rf8 39. Kh3 Qf1+ 0-1

[Event "Late-Titled-Tuesday-Blitz-June-25-2024"]
[Site "Chess.com"]
[Date "2024.06.25"]
[Round "7"]
[White "Slovineanu"]
[Black "Statham_01"]
[Result "1-0"]
[WhiteElo "2563"]
[BlackElo "2702"]
[TimeControl "180+1"]
[EndTime "15:16:37 PDT"]
[Termination "Slovineanu won by checkmate"]

1. d4 d5 2. Nf3 Nc6 3. c4 Bg4 4.
cxd5 Bxf3 5. gxf3 Qxd5 6. e3 e5 7. Nc3 Bb4 8. Bd2 Bxc3 9. bxc3 Nf6 10. Qb3 Qd6 11. Rg1 O-O 12. h4 Rae8 13. Be2 exd4 14. cxd4 Nd5 15. Rc1 Nf4 16. Bc3 Nxe2 17. Kxe2 Nxd4+ 18.
Bxd4 Qxd4 19. Rxc7 Re6 20. Qc3 Qxc3 21. Rxc3 Ra6 22. a3 g6 23. h5 Rd8 24. f4 Kg7 25. hxg6 hxg6 26. f5 Kf6 27. fxg6 fxg6 28. f4 Rd5 29.
Rb1 b6 30. Kf3 Rda5 31. Rc6+ Kf7 32. Rg1 Rxa3 33. Rgxg6 Rd3 34. Rh6 Raa3 35. Rh7+ Kg8 36. Re7 Kf8 37. Rcc7 a5 38. f5 b5 39. f6 Rd8 40. Rf7+ Kg8 41. Rg7+ Kh8 42. Rh7+ Kg8 43. Rcg7+ Kf8 44. Rh8# 1-0

[Event "Late-Titled-Tuesday-Blitz-June-25-2024"]
[Site "Chess.com"]
[Date "2024.06.25"]
[Round "7"]
[White "rdarruda"]
[Black "fin"]
[Result "1/2-1/2"]
[WhiteElo "2560"]
[BlackElo "2720"]
[TimeControl "180+1"]
[EndTime "15:16:39 PDT"]
[Termination "Game drawn by repetition"]

1. d4 f5 2. g4 fxg4 3. e4 d5 4. Nc3 dxe4 5. Nxe4 Nf6 6. Bg2 Nc6 7. Ne2 Bf5 8. N4g3 Bg6 9. O-O e6 10. Nf4 Bf7 11. Re1 Nxd4 12. Bxb7 Rb8 13. Bg2 Rb6 14. c3 Nf3+ 15. Bxf3 gxf3 16. Qxf3 Bd6 17.
Nxe6 Bxe6 18. Rxe6+ Kf7 19. Re2 Rf8 20. Bg5 Kg8 21.
Rae1 Bc5 22. b4 Bd6 23. Ne4 Nxe4 24. Bxd8 Rxf3 25. Rxe4 Rxc3 26. Be7 Bxe7 27. Rxe7 Rxb4 28. Rd7 Rg4+ 29. Kf1 h6 30. Ree7 Rc1+ 31. Ke2 Rc2+ 32.
Kf3 Rg6 33. Rxc7 Rxa2 34. Rxa7 Rb2 35. Ke3 Rb5 36. f4 Rh5 37. Ra2 Rg1 38. Re5 Rh4 39.
Rf2 Re1+ 40. Kf3 Ra1 41. Kg3 g5 42. fxg5 Rd4 43. gxh6 Rg1+ 44. Rg2 Rxg2+ 45. Kxg2 Kh7 46. Re6 Rf4 47. Kg3 Rf7 48. h4 Rf1 49. Kg4 Rf8 50. Kh5 Rf5+ 51. Kg4 Rf1 52. Kh5 Rf5+ 53. Kg4 Rf1 54.
Kh5 Rf5+ 1/2-1/2

[Event "Late-Titled-Tuesday-Blitz-June-25-2024"]
[Site "Chess.com"]
[Date "2024.06.25"]
[Round "7"]
[White "Sasha_Solovev_777"]
[Black "Eloist"]
[Result "0-1"]
[WhiteElo "2261"]
[BlackElo "2458"]
[TimeControl "180+1"]
[EndTime "15:16:39 PDT"]
[Termination "Eloist won by resignation"]

1. e4 e6 2. d4 d5 3. Nc3 Nf6 4.
e5 Nfd7 5. f4 c5 6. Nf3 Nc6 7.
Be3 a6 8. Qd2 b5 9. a3 Qa5 10.
Nd1 Qxd2+ 11. Kxd2 cxd4 12. Nxd4 Bb7 13. Bd3 Nc5 14.
Nf2 Be7 15. b4 Na4 16. g4 Rc8 17. Nxc6 Rxc6 18. Bd4 h5 19. h3 Kd7 20. Rag1 hxg4 21. hxg4 Rcc8 22. Nd1 f6 23. f5 fxe5 24. fxe6+ Kd6 25.
Bc5+ Nxc5 26. bxc5+ Kc6 27. Ne3 Bg5 28. Ke2 e4 29. Bxe4 dxe4 30. Nf5 Bf6 31. Rxh8 Rxh8 32. Rd1 Kxc5 33. Rd7 Bc6 34. Rc7 Kb6 35. Rf7 Rh2+ 36.
Ke3 Rh3+ 37. Ke2 Bd5 38. e7 Bxf7 39. Nd6 Bg6 40. Nf7 Bxf7 41. e8=Q Bxe8 0-1

[Event "Late-Titled-Tuesday-Blitz-June-25-2024"]
[Site "Chess.com"]
[Date "2024.06.25"]
[Round "7"]
[White "Javokhir_Sindarov05"]
[Black "Jospem"]
[Result "0-1"]
[WhiteElo "3067"]
[BlackElo "3060"]
[TimeControl "180+1"]
[EndTime "15:16:40 PDT"]
[Termination "Jospem won by resignation"]

1. e4 c5 2. Nf3 d6 3. d4 cxd4 4. Nxd4 a6 5. Nc3 e6 6. g3 Nc6 7. Bg2 Bd7 8. O-O Nf6 9. h3 Rc8 10. Nde2 Be7 11. g4 h6 12. Ng3 O-O 13. f4 Nh7 14.
Kh2 Na5 15. Nce2 Qb6 16. b3 Bf6 17. Rb1 Rfd8 18. Nh5 Be7 19. Bb2 Bf8 20. c4 Nc6 21. h4 Qc5 22. g5 e5 23. Nc3 Ne7 24. f5 hxg5 25. hxg5 Nxg5 26. f6 Ng6 27. Nd5 Nh7 28.
Qf3 Be6 29. Bh3 Ng5 30. Qg3 Nxh3 31. fxg7 Bxg7 32. Ne7+ Kh7 33. Rxf7 Bxf7 34. Qxh3 Qf2+ 35. Kh1 Qh4 36. Qxh4 Nxh4 37. Nxg7 Kxg7 38. Nxc8 Rxc8 39. Rd1 Rc6 40. Rxd6 Rxd6 41. Bxe5+ Rf6 0-1

[Event "Late-Titled-Tuesday-Blitz-June-25-2024"]
[Site "Chess.com"]
[Date "2024.06.25"]
[Round "7"]
[White "KatakuriDono"]
[Black "canary2016"]
[Result "1-0"]
[WhiteElo "2330"]
[BlackElo "2221"]
[TimeControl "180+1"]
[EndTime "15:16:40 PDT"]
[Termination "KatakuriDono won on time"]

1. d4 Nf6 2. Nf3 d5 3. g3 Bf5 4.
Bg2 e6 5. O-O Bd6 6. c4 c5 7. cxd5 exd5 8. Nc3 O-O 9. Bg5 Be7 10.
dxc5 h6 11. Be3 Nc6 12. h3 Rc8 13. Nd4 Nxd4 14. Bxd4 Qd7 15. b4 Bxh3 16. Rc1 Bxg2 17. Kxg2 Rfd8 18. Qd3 Qe6 19. Rfd1 Ne4 20. Qf3 Bg5 21. e3 b6 22. cxb6 axb6 23. Na4 Rxc1 24. Rxc1 Nd2 25. Qe2 Nc4 26. Nb2 Nxb2 27. Qxb2 Qe4+ 28.
Kg1 Qg6 29. b5 Re8 30. Rc6 Re6 31. Rc8+ Kh7 32. a4 Bf6 33. Bxf6 Rxf6 34. Rc1 Qf5 35. Rd1 Rg6 36. Qb1 Qh5 37. Qd3 Qg4 38. Qxd5 Qxa4 39. Qd3 Qa5 40. Rc1 Qa2 41. Rc6 Qa1+ 42. Kg2 Qb2 43. Rxb6 Qb4 44. Rxg6 fxg6 45. Qd5 Qb1 46. Qc6 Qb4 47. b6 1-0

[Event "Late-Titled-Tuesday-Blitz-June-25-2024"]
[Site "Chess.com"]
[Date "2024.06.25"]
[Round "7"]
[White "Dyadya81"]
[Black "LiemLe"]
[Result "1-0"]
[WhiteElo "2808"]
[BlackElo "3013"]
[TimeControl "180+1"]
[EndTime "15:16:41 PDT"]
[Termination "Dyadya81 won by checkmate"]

1. e4 c5 2. Nf3 d6 3. d4 cxd4 4. Nxd4 Nf6 5. Nc3 a6 6. h3 e5 7. Nb3 Be7 8. Be3 Be6 9. Qd2 Nbd7 10. O-O-O b5 11. Kb1 Nb6 12. Qe1 b4 13. Ne2 a5 14.
Ng3 O-O 15. Nc5 Bc8 16. f4 Qc7 17. Nd3 Nc4 18. Bc1 Rb8 19. Ka1 Bd7 20. Nf5 Bxf5 21. exf5 e4 22. Nf2 d5 23. Ng4 Rfd8 24. Bxc4 Qxc4 25.
Ne5 Qxc2 26. Be3 b3 27. Rc1 Qxg2 28. Rg1 Qxh3 29. Nc6 Bb4 30. Qe2 bxa2 31. Bd4 Ne8 32. f6 g6 33. Rcf1 Qd3 34. Qf2 Rdc8 35. Nxb8 Rxb8 36.
f5 Kf8 37. fxg6 hxg6 38. Qh2 Kg8 39. Rh1 Ng7 40. Qh8# 1-0

[Event "Late-Titled-Tuesday-Blitz-June-25-2024"]
[Site "Chess.com"]
[Date "2024.06.25"]
[Round "7"]
[White "MagnusCarlsen"]
[Black "h4parah5"]
[Result "1-0"]
[WhiteElo "3172"]
[BlackElo "2966"]
[TimeControl "180+1"]
[EndTime "15:16:44 PDT"]
[Termination "MagnusCarlsen won by resignation"]

1. e4 e5 2. f4 exf4 3. Nf3 Nf6 4. e5 Nh5 5. Qe2 Be7 6. Nc3 O-O 7. d4 d6 8. Bd2 Nc6 9. O-O-O Bg4 10. Qe4 dxe5 11.
dxe5 Qc8 12. Nd5 Re8 13. Bd3 g6 14. Bc3 Bf8 15. Rhe1 Bg7 16. Bb5 a6 17. Bxc6 bxc6 18. Nb4 c5 19. Nd3 Qe6 20. Qa4 Bf8 21. Kb1 Rad8 22.
Nxf4 Rxd1+ 23. Rxd1 Nxf4 24. Qxf4 Qf5 25. Qg3 Bg7 26. Re1 Qh5 27. Nd2 Bf5 28. b3 Rd8 29.
Kb2 Bh6 30. e6 Bxe6 31. Ne4 Bg7 32. Bxg7 Kxg7 33. Qc3+ Kh6 34. h3 Qd5 35. Nxc5 Rd6 36. Re4 Rc6 37. Rh4+ Kg5 38. Ne4+ Kxh4 39. Qg3+ Kh5 40.
Nf6+ Kh6 41. Nxd5 Bxd5 42. Qh4+ 1-0